Workbook

Sheet Sales
B2: Online Shop Profit Tracker
B3: Log each order — fees, shipping and material costs come off automatically so you see your real profit.
B5: ORDERS | D5: REVENUE | F5: FEES | I5: NET PROFIT | M5: PROFIT MARGIN
B6: =COUNT($B$10:$B$509) | D6: =SUM($H$10:$H$509) | F6: =SUM($I$10:$I$509) | I6: =SUM($O$10:$O$509) | M6: =IF(SUM($H$10:$H$509)=0,0,SUM($O$10:$O$509)/SUM($H$10:$H$509))
B9: DATE | C9: ORDER # | D9: ITEM | E9: QTY | F9: ITEM PRICE | G9: SHIPPING CHARGED | H9: ORDER TOTAL | I9: FEES | J9: SHIPPING COST | K9: AD SALE | L9: MATERIALS | M9: PACKAGING | N9: OTHER COSTS | O9: NET PROFIT | P9: MARGIN
B10: 46390 | C10: 1042 | D10: Ceramic mug — speckled | E10: 2 | F10: 56 | G10: 6.5 | H10: =IF(AND(F10="",G10=""),"",N(F10)+N(G10)) | I10: =IF(H10="","",ROUND(H10*('Fees & Settings'!$C$6+'Fees & Settings'!$C$7)+'Fees & Settings'!$C$8+N(E10)*'Fees & Settings'!$C$9+IF(K10="Y",H10*'Fees & Settings'!$C$10,0),2)) | J10: 7.9 | K10: N | L10: 9.2 | M10: 1.1 | N10: 0 | O10: =IF(H10="","",H10-I10-N(J10)-N(L10)-N(M10)-N(N10)) | P10: =IF(OR(H10="",N(H10)=0),"",O10/H10)
B11: 46392 | C11: 1043 | D11: Serving bowl | E11: 1 | F11: 64 | G11: 8.95 | H11: =IF(AND(F11="",G11=""),"",N(F11)+N(G11)) | I11: =IF(H11="","",ROUND(H11*('Fees & Settings'!$C$6+'Fees & Settings'!$C$7)+'Fees & Settings'!$C$8+N(E11)*'Fees & Settings'!$C$9+IF(K11="Y",H11*'Fees & Settings'!$C$10,0),2)) | J11: 10.4 | K11: Y | L11: 12.5 | M11: 1.6 | N11: 0 | O11: =IF(H11="","",H11-I11-N(J11)-N(L11)-N(M11)-N(N11)) | P11: =IF(OR(H11="",N(H11)=0),"",O11/H11)
B12: 46396 | C12: 1044 | D12: Planter set of 3 | E12: 1 | F12: 72 | G12: 9.5 | H12: =IF(AND(F12="",G12=""),"",N(F12)+N(G12)) | I12: =IF(H12="","",ROUND(H12*('Fees & Settings'!$C$6+'Fees & Settings'!$C$7)+'Fees & Settings'!$C$8+N(E12)*'Fees & Settings'!$C$9+IF(K12="Y",H12*'Fees & Settings'!$C$10,0),2)) | J12: 11.85 | K12: N | L12: 15 | M12: 2.2 | N12: 0 | O12: =IF(H12="","",H12-I12-N(J12)-N(L12)-N(M12)-N(N12)) | P12: =IF(OR(H12="",N(H12)=0),"",O12/H12)
B13: 46401 | C13: 1045 | D13: Ceramic mug — speckled | E13: 1 | F13: 28 | G13: 5.5 | H13: =IF(AND(F13="",G13=""),"",N(F13)+N(G13)) | I13: =IF(H13="","",ROUND(H13*('Fees & Settings'!$C$6+'Fees & Settings'!$C$7)+'Fees & Settings'!$C$8+N(E13)*'Fees & Settings'!$C$9+IF(K13="Y",H13*'Fees & Settings'!$C$10,0),2)) | J13: 6.1 | K13: N | L13: 4.6 | M13: 0.8 | N13: 0 | O13: =IF(H13="","",H13-I13-N(J13)-N(L13)-N(M13)-N(N13)) | P13: =IF(OR(H13="",N(H13)=0),"",O13/H13)
B14: 46409 | C14: 1046 | D14: Custom name mug | E14: 4 | F14: 136 | G14: 0 | H14: =IF(AND(F14="",G14=""),"",N(F14)+N(G14)) | I14: =IF(H14="","",ROUND(H14*('Fees & Settings'!$C$6+'Fees & Settings'!$C$7)+'Fees & Settings'!$C$8+N(E14)*'Fees & Settings'!$C$9+IF(K14="Y",H14*'Fees & Settings'!$C$10,0),2)) | J14: 14.2 | K14: Y | L14: 22 | M14: 3 | N14: 5 | O14: =IF(H14="","",H14-I14-N(J14)-N(L14)-N(M14)-N(N14)) | P14: =IF(OR(H14="",N(H14)=0),"",O14/H14)
B15: 46420 | C15: 1047 | D15: Serving bowl | E15: 2 | F15: 128 | G15: 12 | H15: =IF(AND(F15="",G15=""),"",N(F15)+N(G15)) | I15: =IF(H15="","",ROUND(H15*('Fees & Settings'!$C$6+'Fees & Settings'!$C$7)+'Fees & Settings'!$C$8+N(E15)*'Fees & Settings'!$C$9+IF(K15="Y",H15*'Fees & Settings'!$C$10,0),2)) | J15: 16.8 | K15: N | L15: 25 | M15: 3.2 | N15: 0 | O15: =IF(H15="","",H15-I15-N(J15)-N(L15)-N(M15)-N(N15)) | P15: =IF(OR(H15="",N(H15)=0),"",O15/H15)
B16: 46429 | C16: 1048 | D16: Gift set — mug + coaster | E16: 3 | F16: 129 | G16: 9 | H16: =IF(AND(F16="",G16=""),"",N(F16)+N(G16)) | I16: =IF(H16="","",ROUND(H16*('Fees & Settings'!$C$6+'Fees & Settings'!$C$7)+'Fees & Settings'!$C$8+N(E16)*'Fees & Settings'!$C$9+IF(K16="Y",H16*'Fees & Settings'!$C$10,0),2)) | J16: 15.5 | K16: N | L16: 24.6 | M16: 4.5 | N16: 0 | O16: =IF(H16="","",H16-I16-N(J16)-N(L16)-N(M16)-N(N16)) | P16: =IF(OR(H16="",N(H16)=0),"",O16/H16)
B17: 46438 | C17: 1049 | D17: Planter set of 3 | E17: 2 | F17: 144 | G17: 11 | H17: =IF(AND(F17="",G17=""),"",N(F17)+N(G17)) | I17: =IF(H17="","",ROUND(H17*('Fees & Settings'!$C$6+'Fees & Settings'!$C$7)+'Fees & Settings'!$C$8+N(E17)*'Fees & Settings'!$C$9+IF(K17="Y",H17*'Fees & Settings'!$C$10,0),2)) | J17: 19.4 | K17: Y | L17: 30 | M17: 4.4 | N17: 0 | O17: =IF(H17="","",H17-I17-N(J17)-N(L17)-N(M17)-N(N17)) | P17: =IF(OR(H17="",N(H17)=0),"",O17/H17)
B18: 46450 | C18: 1050 | D18: Custom name mug | E18: 6 | F18: 204 | G18: 14 | H18: =IF(AND(F18="",G18=""),"",N(F18)+N(G18)) | I18: =IF(H18="","",ROUND(H18*('Fees & Settings'!$C$6+'Fees & Settings'!$C$7)+'Fees & Settings'!$C$8+N(E18)*'Fees & Settings'!$C$9+IF(K18="Y",H18*'Fees & Settings'!$C$10,0),2)) | J18: 21.3 | K18: N | L18: 33 | M18: 4.8 | N18: 0 | O18: =IF(H18="","",H18-I18-N(J18)-N(L18)-N(M18)-N(N18)) | P18: =IF(OR(H18="",N(H18)=0),"",O18/H18)
H19: =IF(AND(F19="",G19=""),"",N(F19)+N(G19)) | I19: =IF(H19="","",ROUND(H19*('Fees & Settings'!$C$6+'Fees & Settings'!$C$7)+'Fees & Settings'!$C$8+N(E19)*'Fees & Settings'!$C$9+IF(K19="Y",H19*'Fees & Settings'!$C$10,0),2)) | O19: =IF(H19="","",H19-I19-N(J19)-N(L19)-N(M19)-N(N19)) | P19: =IF(OR(H19="",N(H19)=0),"",O19/H19)
H20: =IF(AND(F20="",G20=""),"",N(F20)+N(G20)) | I20: =IF(H20="","",ROUND(H20*('Fees & Settings'!$C$6+'Fees & Settings'!$C$7)+'Fees & Settings'!$C$8+N(E20)*'Fees & Settings'!$C$9+IF(K20="Y",H20*'Fees & Settings'!$C$10,0),2)) | O20: =IF(H20="","",H20-I20-N(J20)-N(L20)-N(M20)-N(N20)) | P20: =IF(OR(H20="",N(H20)=0),"",O20/H20)
H21: =IF(AND(F21="",G21=""),"",N(F21)+N(G21)) | I21: =IF(H21="","",ROUND(H21*('Fees & Settings'!$C$6+'Fees & Settings'!$C$7)+'Fees & Settings'!$C$8+N(E21)*'Fees & Settings'!$C$9+IF(K21="Y",H21*'Fees & Settings'!$C$10,0),2)) | O21: =IF(H21="","",H21-I21-N(J21)-N(L21)-N(M21)-N(N21)) | P21: =IF(OR(H21="",N(H21)=0),"",O21/H21)
H22: =IF(AND(F22="",G22=""),"",N(F22)+N(G22)) | I22: =IF(H22="","",ROUND(H22*('Fees & Settings'!$C$6+'Fees & Settings'!$C$7)+'Fees & Settings'!$C$8+N(E22)*'Fees & Settings'!$C$9+IF(K22="Y",H22*'Fees & Settings'!$C$10,0),2)) | O22: =IF(H22="","",H22-I22-N(J22)-N(L22)-N(M22)-N(N22)) | P22: =IF(OR(H22="",N(H22)=0),"",O22/H22)
H23: =IF(AND(F23="",G23=""),"",N(F23)+N(G23)) | I23: =IF(H23="","",ROUND(H23*('Fees & Settings'!$C$6+'Fees & Settings'!$C$7)+'Fees & Settings'!$C$8+N(E23)*'Fees & Settings'!$C$9+IF(K23="Y",H23*'Fees & Settings'!$C$10,0),2)) | O23: =IF(H23="","",H23-I23-N(J23)-N(L23)-N(M23)-N(N23)) | P23: =IF(OR(H23="",N(H23)=0),"",O23/H23)
H24: =IF(AND(F24="",G24=""),"",N(F24)+N(G24)) | I24: =IF(H24="","",ROUND(H24*('Fees & Settings'!$C$6+'Fees & Settings'!$C$7)+'Fees & Settings'!$C$8+N(E24)*'Fees & Settings'!$C$9+IF(K24="Y",H24*'Fees & Settings'!$C$10,0),2)) | O24: =IF(H24="","",H24-I24-N(J24)-N(L24)-N(M24)-N(N24)) | P24: =IF(OR(H24="",N(H24)=0),"",O24/H24)
H25: =IF(AND(F25="",G25=""),"",N(F25)+N(G25)) | I25: =IF(H25="","",ROUND(H25*('Fees & Settings'!$C$6+'Fees & Settings'!$C$7)+'Fees & Settings'!$C$8+N(E25)*'Fees & Settings'!$C$9+IF(K25="Y",H25*'Fees & Settings'!$C$10,0),2)) | O25: =IF(H25="","",H25-I25-N(J25)-N(L25)-N(M25)-N(N25)) | P25: =IF(OR(H25="",N(H25)=0),"",O25/H25)
H26: =IF(AND(F26="",G26=""),"",N(F26)+N(G26)) | I26: =IF(H26="","",ROUND(H26*('Fees & Settings'!$C$6+'Fees & Settings'!$C$7)+'Fees & Settings'!$C$8+N(E26)*'Fees & Settings'!$C$9+IF(K26="Y",H26*'Fees & Settings'!$C$10,0),2)) | O26: =IF(H26="","",H26-I26-N(J26)-N(L26)-N(M26)-N(N26)) | P26: =IF(OR(H26="",N(H26)=0),"",O26/H26)
H27: =IF(AND(F27="",G27=""),"",N(F27)+N(G27)) | I27: =IF(H27="","",ROUND(H27*('Fees & Settings'!$C$6+'Fees & Settings'!$C$7)+'Fees & Settings'!$C$8+N(E27)*'Fees & Settings'!$C$9+IF(K27="Y",H27*'Fees & Settings'!$C$10,0),2)) | O27: =IF(H27="","",H27-I27-N(J27)-N(L27)-N(M27)-N(N27)) | P27: =IF(OR(H27="",N(H27)=0),"",O27/H27)
H28: =IF(AND(F28="",G28=""),"",N(F28)+N(G28)) | I28: =IF(H28="","",ROUND(H28*('Fees & Settings'!$C$6+'Fees & Settings'!$C$7)+'Fees & Settings'!$C$8+N(E28)*'Fees & Settings'!$C$9+IF(K28="Y",H28*'Fees & Settings'!$C$10,0),2)) | O28: =IF(H28="","",H28-I28-N(J28)-N(L28)-N(M28)-N(N28)) | P28: =IF(OR(H28="",N(H28)=0),"",O28/H28)
H29: =IF(AND(F29="",G29=""),"",N(F29)+N(G29)) | I29: =IF(H29="","",ROUND(H29*('Fees & Settings'!$C$6+'Fees & Settings'!$C$7)+'Fees & Settings'!$C$8+N(E29)*'Fees & Settings'!$C$9+IF(K29="Y",H29*'Fees & Settings'!$C$10,0),2)) | O29: =IF(H29="","",H29-I29-N(J29)-N(L29)-N(M29)-N(N29)) | P29: =IF(OR(H29="",N(H29)=0),"",O29/H29)
H30: =IF(AND(F30="",G30=""),"",N(F30)+N(G30)) | I30: =IF(H30="","",ROUND(H30*('Fees & Settings'!$C$6+'Fees & Settings'!$C$7)+'Fees & Settings'!$C$8+N(E30)*'Fees & Settings'!$C$9+IF(K30="Y",H30*'Fees & Settings'!$C$10,0),2)) | O30: =IF(H30="","",H30-I30-N(J30)-N(L30)-N(M30)-N(N30)) | P30: =IF(OR(H30="",N(H30)=0),"",O30/H30)
... H509: =IF(AND(F509="",G509=""),"",N(F509)+N(G509)) | I509: =IF(H509="","",ROUND(H509*('Fees & Settings'!$C$6+'Fees & Settings'!$C$7)+'Fees & Settings'!$C$8+N(E509)*'Fees & Settings'!$C$9+IF(K509="Y",H509*'Fees & Settings'!$C$10,0),2)) | O509: =IF(H509="","",H509-I509-N(J509)-N(L509)-N(M509)-N(N509)) | P509: =IF(OR(H509="",N(H509)=0),"",O509/H509)
B511: Free template from niftyshelf.com · free for personal & commercial use

Sheet Monthly Summary
B2: 2027 profit by month
B3: Everything here comes from the Sales tab.
B5: MONTH | C5: ORDERS | D5: REVENUE | E5: FEES | F5: SHIPPING | G5: COSTS | H5: NET PROFIT | I5: MARGIN
B6: Jan 2027 | C6: =COUNTIFS(Sales!$B$10:$B$509,">="&DATE(2027,1,1),Sales!$B$10:$B$509,"<"&DATE(2027,2,1)) | D6: =SUMIFS(Sales!$H$10:$H$509,Sales!$B$10:$B$509,">="&DATE(2027,1,1),Sales!$B$10:$B$509,"<"&DATE(2027,2,1)) | E6: =SUMIFS(Sales!$I$10:$I$509,Sales!$B$10:$B$509,">="&DATE(2027,1,1),Sales!$B$10:$B$509,"<"&DATE(2027,2,1)) | F6: =SUMIFS(Sales!$J$10:$J$509,Sales!$B$10:$B$509,">="&DATE(2027,1,1),Sales!$B$10:$B$509,"<"&DATE(2027,2,1)) | G6: =SUMIFS(Sales!$L$10:$L$509,Sales!$B$10:$B$509,">="&DATE(2027,1,1),Sales!$B$10:$B$509,"<"&DATE(2027,2,1))+SUMIFS(Sales!$M$10:$M$509,Sales!$B$10:$B$509,">="&DATE(2027,1,1),Sales!$B$10:$B$509,"<"&DATE(2027,2,1))+SUMIFS(Sales!$N$10:$N$509,Sales!$B$10:$B$509,">="&DATE(2027,1,1),Sales!$B$10:$B$509,"<"&DATE(2027,2,1)) | H6: =SUMIFS(Sales!$O$10:$O$509,Sales!$B$10:$B$509,">="&DATE(2027,1,1),Sales!$B$10:$B$509,"<"&DATE(2027,2,1)) | I6: =IF(D6=0,"",H6/D6)
B7: Feb 2027 | C7: =COUNTIFS(Sales!$B$10:$B$509,">="&DATE(2027,2,1),Sales!$B$10:$B$509,"<"&DATE(2027,3,1)) | D7: =SUMIFS(Sales!$H$10:$H$509,Sales!$B$10:$B$509,">="&DATE(2027,2,1),Sales!$B$10:$B$509,"<"&DATE(2027,3,1)) | E7: =SUMIFS(Sales!$I$10:$I$509,Sales!$B$10:$B$509,">="&DATE(2027,2,1),Sales!$B$10:$B$509,"<"&DATE(2027,3,1)) | F7: =SUMIFS(Sales!$J$10:$J$509,Sales!$B$10:$B$509,">="&DATE(2027,2,1),Sales!$B$10:$B$509,"<"&DATE(2027,3,1)) | G7: =SUMIFS(Sales!$L$10:$L$509,Sales!$B$10:$B$509,">="&DATE(2027,2,1),Sales!$B$10:$B$509,"<"&DATE(2027,3,1))+SUMIFS(Sales!$M$10:$M$509,Sales!$B$10:$B$509,">="&DATE(2027,2,1),Sales!$B$10:$B$509,"<"&DATE(2027,3,1))+SUMIFS(Sales!$N$10:$N$509,Sales!$B$10:$B$509,">="&DATE(2027,2,1),Sales!$B$10:$B$509,"<"&DATE(2027,3,1)) | H7: =SUMIFS(Sales!$O$10:$O$509,Sales!$B$10:$B$509,">="&DATE(2027,2,1),Sales!$B$10:$B$509,"<"&DATE(2027,3,1)) | I7: =IF(D7=0,"",H7/D7)
B8: Mar 2027 | C8: =COUNTIFS(Sales!$B$10:$B$509,">="&DATE(2027,3,1),Sales!$B$10:$B$509,"<"&DATE(2027,4,1)) | D8: =SUMIFS(Sales!$H$10:$H$509,Sales!$B$10:$B$509,">="&DATE(2027,3,1),Sales!$B$10:$B$509,"<"&DATE(2027,4,1)) | E8: =SUMIFS(Sales!$I$10:$I$509,Sales!$B$10:$B$509,">="&DATE(2027,3,1),Sales!$B$10:$B$509,"<"&DATE(2027,4,1)) | F8: =SUMIFS(Sales!$J$10:$J$509,Sales!$B$10:$B$509,">="&DATE(2027,3,1),Sales!$B$10:$B$509,"<"&DATE(2027,4,1)) | G8: =SUMIFS(Sales!$L$10:$L$509,Sales!$B$10:$B$509,">="&DATE(2027,3,1),Sales!$B$10:$B$509,"<"&DATE(2027,4,1))+SUMIFS(Sales!$M$10:$M$509,Sales!$B$10:$B$509,">="&DATE(2027,3,1),Sales!$B$10:$B$509,"<"&DATE(2027,4,1))+SUMIFS(Sales!$N$10:$N$509,Sales!$B$10:$B$509,">="&DATE(2027,3,1),Sales!$B$10:$B$509,"<"&DATE(2027,4,1)) | H8: =SUMIFS(Sales!$O$10:$O$509,Sales!$B$10:$B$509,">="&DATE(2027,3,1),Sales!$B$10:$B$509,"<"&DATE(2027,4,1)) | I8: =IF(D8=0,"",H8/D8)
B9: Apr 2027 | C9: =COUNTIFS(Sales!$B$10:$B$509,">="&DATE(2027,4,1),Sales!$B$10:$B$509,"<"&DATE(2027,5,1)) | D9: =SUMIFS(Sales!$H$10:$H$509,Sales!$B$10:$B$509,">="&DATE(2027,4,1),Sales!$B$10:$B$509,"<"&DATE(2027,5,1)) | E9: =SUMIFS(Sales!$I$10:$I$509,Sales!$B$10:$B$509,">="&DATE(2027,4,1),Sales!$B$10:$B$509,"<"&DATE(2027,5,1)) | F9: =SUMIFS(Sales!$J$10:$J$509,Sales!$B$10:$B$509,">="&DATE(2027,4,1),Sales!$B$10:$B$509,"<"&DATE(2027,5,1)) | G9: =SUMIFS(Sales!$L$10:$L$509,Sales!$B$10:$B$509,">="&DATE(2027,4,1),Sales!$B$10:$B$509,"<"&DATE(2027,5,1))+SUMIFS(Sales!$M$10:$M$509,Sales!$B$10:$B$509,">="&DATE(2027,4,1),Sales!$B$10:$B$509,"<"&DATE(2027,5,1))+SUMIFS(Sales!$N$10:$N$509,Sales!$B$10:$B$509,">="&DATE(2027,4,1),Sales!$B$10:$B$509,"<"&DATE(2027,5,1)) | H9: =SUMIFS(Sales!$O$10:$O$509,Sales!$B$10:$B$509,">="&DATE(2027,4,1),Sales!$B$10:$B$509,"<"&DATE(2027,5,1)) | I9: =IF(D9=0,"",H9/D9)
B10: May 2027 | C10: =COUNTIFS(Sales!$B$10:$B$509,">="&DATE(2027,5,1),Sales!$B$10:$B$509,"<"&DATE(2027,6,1)) | D10: =SUMIFS(Sales!$H$10:$H$509,Sales!$B$10:$B$509,">="&DATE(2027,5,1),Sales!$B$10:$B$509,"<"&DATE(2027,6,1)) | E10: =SUMIFS(Sales!$I$10:$I$509,Sales!$B$10:$B$509,">="&DATE(2027,5,1),Sales!$B$10:$B$509,"<"&DATE(2027,6,1)) | F10: =SUMIFS(Sales!$J$10:$J$509,Sales!$B$10:$B$509,">="&DATE(2027,5,1),Sales!$B$10:$B$509,"<"&DATE(2027,6,1)) | G10: =SUMIFS(Sales!$L$10:$L$509,Sales!$B$10:$B$509,">="&DATE(2027,5,1),Sales!$B$10:$B$509,"<"&DATE(2027,6,1))+SUMIFS(Sales!$M$10:$M$509,Sales!$B$10:$B$509,">="&DATE(2027,5,1),Sales!$B$10:$B$509,"<"&DATE(2027,6,1))+SUMIFS(Sales!$N$10:$N$509,Sales!$B$10:$B$509,">="&DATE(2027,5,1),Sales!$B$10:$B$509,"<"&DATE(2027,6,1)) | H10: =SUMIFS(Sales!$O$10:$O$509,Sales!$B$10:$B$509,">="&DATE(2027,5,1),Sales!$B$10:$B$509,"<"&DATE(2027,6,1)) | I10: =IF(D10=0,"",H10/D10)
B11: Jun 2027 | C11: =COUNTIFS(Sales!$B$10:$B$509,">="&DATE(2027,6,1),Sales!$B$10:$B$509,"<"&DATE(2027,7,1)) | D11: =SUMIFS(Sales!$H$10:$H$509,Sales!$B$10:$B$509,">="&DATE(2027,6,1),Sales!$B$10:$B$509,"<"&DATE(2027,7,1)) | E11: =SUMIFS(Sales!$I$10:$I$509,Sales!$B$10:$B$509,">="&DATE(2027,6,1),Sales!$B$10:$B$509,"<"&DATE(2027,7,1)) | F11: =SUMIFS(Sales!$J$10:$J$509,Sales!$B$10:$B$509,">="&DATE(2027,6,1),Sales!$B$10:$B$509,"<"&DATE(2027,7,1)) | G11: =SUMIFS(Sales!$L$10:$L$509,Sales!$B$10:$B$509,">="&DATE(2027,6,1),Sales!$B$10:$B$509,"<"&DATE(2027,7,1))+SUMIFS(Sales!$M$10:$M$509,Sales!$B$10:$B$509,">="&DATE(2027,6,1),Sales!$B$10:$B$509,"<"&DATE(2027,7,1))+SUMIFS(Sales!$N$10:$N$509,Sales!$B$10:$B$509,">="&DATE(2027,6,1),Sales!$B$10:$B$509,"<"&DATE(2027,7,1)) | H11: =SUMIFS(Sales!$O$10:$O$509,Sales!$B$10:$B$509,">="&DATE(2027,6,1),Sales!$B$10:$B$509,"<"&DATE(2027,7,1)) | I11: =IF(D11=0,"",H11/D11)
B12: Jul 2027 | C12: =COUNTIFS(Sales!$B$10:$B$509,">="&DATE(2027,7,1),Sales!$B$10:$B$509,"<"&DATE(2027,8,1)) | D12: =SUMIFS(Sales!$H$10:$H$509,Sales!$B$10:$B$509,">="&DATE(2027,7,1),Sales!$B$10:$B$509,"<"&DATE(2027,8,1)) | E12: =SUMIFS(Sales!$I$10:$I$509,Sales!$B$10:$B$509,">="&DATE(2027,7,1),Sales!$B$10:$B$509,"<"&DATE(2027,8,1)) | F12: =SUMIFS(Sales!$J$10:$J$509,Sales!$B$10:$B$509,">="&DATE(2027,7,1),Sales!$B$10:$B$509,"<"&DATE(2027,8,1)) | G12: =SUMIFS(Sales!$L$10:$L$509,Sales!$B$10:$B$509,">="&DATE(2027,7,1),Sales!$B$10:$B$509,"<"&DATE(2027,8,1))+SUMIFS(Sales!$M$10:$M$509,Sales!$B$10:$B$509,">="&DATE(2027,7,1),Sales!$B$10:$B$509,"<"&DATE(2027,8,1))+SUMIFS(Sales!$N$10:$N$509,Sales!$B$10:$B$509,">="&DATE(2027,7,1),Sales!$B$10:$B$509,"<"&DATE(2027,8,1)) | H12: =SUMIFS(Sales!$O$10:$O$509,Sales!$B$10:$B$509,">="&DATE(2027,7,1),Sales!$B$10:$B$509,"<"&DATE(2027,8,1)) | I12: =IF(D12=0,"",H12/D12)
B13: Aug 2027 | C13: =COUNTIFS(Sales!$B$10:$B$509,">="&DATE(2027,8,1),Sales!$B$10:$B$509,"<"&DATE(2027,9,1)) | D13: =SUMIFS(Sales!$H$10:$H$509,Sales!$B$10:$B$509,">="&DATE(2027,8,1),Sales!$B$10:$B$509,"<"&DATE(2027,9,1)) | E13: =SUMIFS(Sales!$I$10:$I$509,Sales!$B$10:$B$509,">="&DATE(2027,8,1),Sales!$B$10:$B$509,"<"&DATE(2027,9,1)) | F13: =SUMIFS(Sales!$J$10:$J$509,Sales!$B$10:$B$509,">="&DATE(2027,8,1),Sales!$B$10:$B$509,"<"&DATE(2027,9,1)) | G13: =SUMIFS(Sales!$L$10:$L$509,Sales!$B$10:$B$509,">="&DATE(2027,8,1),Sales!$B$10:$B$509,"<"&DATE(2027,9,1))+SUMIFS(Sales!$M$10:$M$509,Sales!$B$10:$B$509,">="&DATE(2027,8,1),Sales!$B$10:$B$509,"<"&DATE(2027,9,1))+SUMIFS(Sales!$N$10:$N$509,Sales!$B$10:$B$509,">="&DATE(2027,8,1),Sales!$B$10:$B$509,"<"&DATE(2027,9,1)) | H13: =SUMIFS(Sales!$O$10:$O$509,Sales!$B$10:$B$509,">="&DATE(2027,8,1),Sales!$B$10:$B$509,"<"&DATE(2027,9,1)) | I13: =IF(D13=0,"",H13/D13)
B14: Sep 2027 | C14: =COUNTIFS(Sales!$B$10:$B$509,">="&DATE(2027,9,1),Sales!$B$10:$B$509,"<"&DATE(2027,10,1)) | D14: =SUMIFS(Sales!$H$10:$H$509,Sales!$B$10:$B$509,">="&DATE(2027,9,1),Sales!$B$10:$B$509,"<"&DATE(2027,10,1)) | E14: =SUMIFS(Sales!$I$10:$I$509,Sales!$B$10:$B$509,">="&DATE(2027,9,1),Sales!$B$10:$B$509,"<"&DATE(2027,10,1)) | F14: =SUMIFS(Sales!$J$10:$J$509,Sales!$B$10:$B$509,">="&DATE(2027,9,1),Sales!$B$10:$B$509,"<"&DATE(2027,10,1)) | G14: =SUMIFS(Sales!$L$10:$L$509,Sales!$B$10:$B$509,">="&DATE(2027,9,1),Sales!$B$10:$B$509,"<"&DATE(2027,10,1))+SUMIFS(Sales!$M$10:$M$509,Sales!$B$10:$B$509,">="&DATE(2027,9,1),Sales!$B$10:$B$509,"<"&DATE(2027,10,1))+SUMIFS(Sales!$N$10:$N$509,Sales!$B$10:$B$509,">="&DATE(2027,9,1),Sales!$B$10:$B$509,"<"&DATE(2027,10,1)) | H14: =SUMIFS(Sales!$O$10:$O$509,Sales!$B$10:$B$509,">="&DATE(2027,9,1),Sales!$B$10:$B$509,"<"&DATE(2027,10,1)) | I14: =IF(D14=0,"",H14/D14)
B15: Oct 2027 | C15: =COUNTIFS(Sales!$B$10:$B$509,">="&DATE(2027,10,1),Sales!$B$10:$B$509,"<"&DATE(2027,11,1)) | D15: =SUMIFS(Sales!$H$10:$H$509,Sales!$B$10:$B$509,">="&DATE(2027,10,1),Sales!$B$10:$B$509,"<"&DATE(2027,11,1)) | E15: =SUMIFS(Sales!$I$10:$I$509,Sales!$B$10:$B$509,">="&DATE(2027,10,1),Sales!$B$10:$B$509,"<"&DATE(2027,11,1)) | F15: =SUMIFS(Sales!$J$10:$J$509,Sales!$B$10:$B$509,">="&DATE(2027,10,1),Sales!$B$10:$B$509,"<"&DATE(2027,11,1)) | G15: =SUMIFS(Sales!$L$10:$L$509,Sales!$B$10:$B$509,">="&DATE(2027,10,1),Sales!$B$10:$B$509,"<"&DATE(2027,11,1))+SUMIFS(Sales!$M$10:$M$509,Sales!$B$10:$B$509,">="&DATE(2027,10,1),Sales!$B$10:$B$509,"<"&DATE(2027,11,1))+SUMIFS(Sales!$N$10:$N$509,Sales!$B$10:$B$509,">="&DATE(2027,10,1),Sales!$B$10:$B$509,"<"&DATE(2027,11,1)) | H15: =SUMIFS(Sales!$O$10:$O$509,Sales!$B$10:$B$509,">="&DATE(2027,10,1),Sales!$B$10:$B$509,"<"&DATE(2027,11,1)) | I15: =IF(D15=0,"",H15/D15)
B16: Nov 2027 | C16: =COUNTIFS(Sales!$B$10:$B$509,">="&DATE(2027,11,1),Sales!$B$10:$B$509,"<"&DATE(2027,12,1)) | D16: =SUMIFS(Sales!$H$10:$H$509,Sales!$B$10:$B$509,">="&DATE(2027,11,1),Sales!$B$10:$B$509,"<"&DATE(2027,12,1)) | E16: =SUMIFS(Sales!$I$10:$I$509,Sales!$B$10:$B$509,">="&DATE(2027,11,1),Sales!$B$10:$B$509,"<"&DATE(2027,12,1)) | F16: =SUMIFS(Sales!$J$10:$J$509,Sales!$B$10:$B$509,">="&DATE(2027,11,1),Sales!$B$10:$B$509,"<"&DATE(2027,12,1)) | G16: =SUMIFS(Sales!$L$10:$L$509,Sales!$B$10:$B$509,">="&DATE(2027,11,1),Sales!$B$10:$B$509,"<"&DATE(2027,12,1))+SUMIFS(Sales!$M$10:$M$509,Sales!$B$10:$B$509,">="&DATE(2027,11,1),Sales!$B$10:$B$509,"<"&DATE(2027,12,1))+SUMIFS(Sales!$N$10:$N$509,Sales!$B$10:$B$509,">="&DATE(2027,11,1),Sales!$B$10:$B$509,"<"&DATE(2027,12,1)) | H16: =SUMIFS(Sales!$O$10:$O$509,Sales!$B$10:$B$509,">="&DATE(2027,11,1),Sales!$B$10:$B$509,"<"&DATE(2027,12,1)) | I16: =IF(D16=0,"",H16/D16)
B17: Dec 2027 | C17: =COUNTIFS(Sales!$B$10:$B$509,">="&DATE(2027,12,1),Sales!$B$10:$B$509,"<"&DATE(2027,13,1)) | D17: =SUMIFS(Sales!$H$10:$H$509,Sales!$B$10:$B$509,">="&DATE(2027,12,1),Sales!$B$10:$B$509,"<"&DATE(2027,13,1)) | E17: =SUMIFS(Sales!$I$10:$I$509,Sales!$B$10:$B$509,">="&DATE(2027,12,1),Sales!$B$10:$B$509,"<"&DATE(2027,13,1)) | F17: =SUMIFS(Sales!$J$10:$J$509,Sales!$B$10:$B$509,">="&DATE(2027,12,1),Sales!$B$10:$B$509,"<"&DATE(2027,13,1)) | G17: =SUMIFS(Sales!$L$10:$L$509,Sales!$B$10:$B$509,">="&DATE(2027,12,1),Sales!$B$10:$B$509,"<"&DATE(2027,13,1))+SUMIFS(Sales!$M$10:$M$509,Sales!$B$10:$B$509,">="&DATE(2027,12,1),Sales!$B$10:$B$509,"<"&DATE(2027,13,1))+SUMIFS(Sales!$N$10:$N$509,Sales!$B$10:$B$509,">="&DATE(2027,12,1),Sales!$B$10:$B$509,"<"&DATE(2027,13,1)) | H17: =SUMIFS(Sales!$O$10:$O$509,Sales!$B$10:$B$509,">="&DATE(2027,12,1),Sales!$B$10:$B$509,"<"&DATE(2027,13,1)) | I17: =IF(D17=0,"",H17/D17)
B18: Year | C18: =SUM(C6:C17) | D18: =SUM(D6:D17) | E18: =SUM(E6:E17) | F18: =SUM(F6:F17) | G18: =SUM(G6:G17) | H18: =SUM(H6:H17) | I18: =IF(D18=0,"",H18/D18)
B20: Tax set-aside (from settings) | H20: =MAX(0,H18)*'Fees & Settings'!$C$11

Sheet Fees & Settings
B2: Fees & Settings
B3: Enter your marketplace's current fees. The numbers below are examples only — check your platform's fee page.
B5: SETTING | C5: VALUE | D5: NOTE
B6: Marketplace / transaction fee (% of order total) | C6: 0.065 | D6: Charged on item price + shipping
B7: Payment processing fee (%) | C7: 0.03 | D7: Card / payment processing percentage
B8: Payment processing fixed fee (per order) | C8: 0.25 | D8: Flat amount per order
B9: Listing / renewal fee (per item sold) | C9: 0.2 | D9: Multiplied by quantity
B10: Ad fee on ad-attributed orders (%) | C10: 0.15 | D10: Applied when Ad sale = Y
B11: Tax set-aside (% of profit) | C11: 0.25 | D11: Optional: money to put aside for income tax

Sheet How to use
B2: How to use this online shop profit tracker
B3: Quick guide
B5: 1 | C5: Open Fees & Settings and enter your marketplace's current fee rates (the values there are only examples).
B6: 2 | C6: On the Sales tab, add one row per order: date, order number, item, quantity, item price and the shipping the buyer paid.
B7: 3 | C7: Add what the order actually cost you: postage, materials and packaging. Mark Y if the sale came from an ad.
B8: 4 | C8: Fees, net profit and margin calculate automatically. Negative profit shows in red.
B9: 5 | C9: The Monthly Summary tab totals each month and charts your profit.
C11: Tinted cells are inputs — type over them. White cells calculate automatically.
C13: Fee formula: order total × (marketplace % + processing %) + fixed processing fee + listing fee × quantity (+ ad % when Ad sale = Y).
C15: Works in Excel, Google Sheets (File → Import), Numbers and LibreOffice.
C16: Free template from niftyshelf.com — free for personal and commercial use.
